 Dungeon Crawl Stone Soup version 0.24.0-123-gd5b16e6ec5 (webtiles) character file.

Game seed: 13972698572731988809, levelgen mode: deterministic

0 Notrik the Digger (level 1, 0/10 HPs)
             Began as a Gargoyle Earth Elementalist on Feb 3, 2020.
             Slain by a hobgoblin
             ... wielding a +0 club
              (3 damage)
             ... on level 1 of the Dungeon.
             The game lasted 00:02:35 (102 turns).

Notrik the Digger (Gargoyle Earth Elementalist)      Turns: 102, Time: 00:02:36

Health: 0/10       AC:  4    Str: 11    XL:     1   Next: 10%
Magic:  3/3        EV: 12    Int: 15    God:
Gold:   0          SH:  0    Dex: 10    Spells: 3/4 levels left

rFire    . . .     SeeInvis .   (no weapon)
rCold    . . .     Gourm    .   (no shield)
rNeg     + . .     Faith    .   c - +0 robe
rPois    ∞         Spirit   .   (no helmet)
rElec    +         Reflect  .   (no cloak)
rCorr    .         Harm     .   (no gloves)
MR       .....                  (no boots)
Stlth    ++........             (no amulet)
HPRegen  0.03/turn              (no ring)
MPRegen  0.08/turn              (no ring)

@: no status effects
A: negative energy resistance 1, electricity resistance, unbreathing,
petrification resistance, rot immunity, AC +2
a: no special abilities


You were on level 1 of the Dungeon.
You were not hungry.

You visited 1 branch of the dungeon, and saw 1 of its levels.

Inventory:

Missiles
 b - 29 stones (quivered)
Armour
 c - a +0 robe (worn)
Comestibles
 a - a chunk of flesh
 e - a ration {!d}


   Skills:
 + Level 0.0 Fighting
 + Level 1.5 Dodging
 - Level 2.1 Stealth
 + Level 2.0 Spellcasting
   Level 0.7 Transmutations
 + Level 3.6 Earth Magic


You had 3 spell levels left.
You knew the following spells:

 Your Spells              Type           Power        Failure   Level  Hunger
a - Sandblast             Erth           ##....       4%          1    #......

Your spell library contained the following spells:

 Spells                   Type           Power        Failure   Level  Hunger
 Passwall                 Tmut/Erth      #.......     14%         2    ###....
 Stone Arrow              Conj/Erth      #.....       32%         3    ###....
 Petrify                  Tmut/Erth      #.......     65%         4    #####..
 Lee's Rapid Deconstruct  Erth           ##........   80%         5    ######.


Dungeon Overview and Level Annotations

Branches:
Dungeon (1/15)

Altars:


Innate Abilities, Weirdness & Mutations

You are resistant to torment.
Your stone body is resilient. (AC +2)
You are immune to poison.
You resist negative energy. (rN+)
You are resistant to electric shocks. (rElec)
You can survive without breathing.
You are immune to petrification.
You are immune to rotting.


Message History

You see here a rat corpse.
You butcher the rat corpse.
a - a chunk of flesh You see here a rat skeleton. x2
b - 27 stones (gained 1)
b - 28 stones (gained 1)
b - 29 stones (gained 1)
You open the door.
Found a fizzy pink potion. 2 hobgoblins come into view.
Found 6 gold pieces.
There is an open door here.
You don't know that spell.
You don't know that spell.
You don't know that spell.
You're too inexperienced to learn that spell!
You're too inexperienced to learn that spell!
The hobgoblin is too close now for your liking.
There is an open door here.
There are monsters nearby!
The hobgoblin shouts!
The hobgoblin barely misses you.
The hobgoblin shouts!
You hit the hobgoblin. The hobgoblin hits you with a +0 club.
You barely miss the hobgoblin. The hobgoblin barely misses you. x2
You barely miss the hobgoblin.
The hobgoblin hits you but does no damage.
The hobgoblin closely misses you.
You hit the hobgoblin. The hobgoblin closely misses you. x2
You barely miss the hobgoblin.
The hobgoblin hits you but does no damage.
You barely miss the hobgoblin. The hobgoblin hits you with a +0 club.
* * * LOW HITPOINT WARNING * * *
The hobgoblin closely misses you.
There is an open door here.
You hit the hobgoblin but do no damage. You hit the hobgoblin but do no damage.
The hobgoblin hits you but does no damage.
You barely miss the hobgoblin.
The hobgoblin hits you but does no damage.
The hobgoblin closely misses you.
You closely miss the hobgoblin. The hobgoblin barely misses you. x2
You hit the hobgoblin. The hobgoblin barely misses you.
The hobgoblin closely misses you.
You hit the hobgoblin. The hobgoblin closely misses you.
The hobgoblin hits you with a +0 club.
* * * LOW HITPOINT WARNING * * *
You hit the hobgoblin but do no damage. The hobgoblin completely misses you.
The hobgoblin hits you with a +0 club.
You die...

#######
#.....#
#.....#
#..!..####
+.....'g@#
#.....##g#
#.....##.#
#.....##.#
#..$..##.#
#.....##.#
#.....##.#
......##.#
#.#######.#


You could see 2 hobgoblins.

Vanquished Creatures
  A rat (D:1)
1 creature vanquished.

Notes
Turn   | Place    | Note
-------+----------+-------------------------------------------
     0 | D:1      | Notrik the Gargoyle Earth Elementalist began the quest for
                  | the Orb.
     0 | D:1      | Reached XP level 1. HP: 10/10 MP: 3/3
   102 | D:1      | Slain by a hobgoblin

Levels and vault maps discovered:
D:1:      onia_arrival_pentagram, layout_basic

Action                   || total
-------------------------++-------
Melee: Unarmed           ||    20
Throw: Stone             ||     4
Armor: Robe              ||     5
Dodge: Dodged            ||    18
